Map: 2000 Atmospheres LE

Players

Tarantula

  • Race: Terran Terran
  • League: Platinum

Pandemic - Winner!

  • Race: Terran Terran
  • League: Platinum

VOD

Have the link to the VOD?

Description

Time

  • Played on: Oct. 21, 2021, 6:35 p.m.
  • Length: 25:39
Show
View Real Time Build Order
Export as new Build Order

Tarantula Terran 

Build Orders: Mech 

Get SALT Encoding   

  12  0:00  SCV  
  13  0:18  Supply Depot  
  13  0:19  SCV  
  14  0:31  SCV  
  15  0:42  Barracks  
  15  0:43  SCV  
  16  0:55  SCV  
  17  1:07  SCV  
  18  1:17  Supply Depot  
  18  1:19  SCV  
  19  1:34  Command Center  
  19  1:35  Marine  
  20  1:46  Orbital Command  
  20  1:54  Marine  
  21  2:12  Marine  
  21  2:22  Command Center  
  21  2:24  SCV  
  21  2:25  Refinery  
  22  2:31  Marine  
  23  2:41  SCV  
  23  2:44  Refinery  
  24  2:48  Orbital Command  
  24  2:51  Marine  
  24  2:56  Barracks  
  24  2:57  SCV  
  26  3:14  SCV  
  27  3:21  Barracks  
  27  3:22  SCV  
  27  3:27  Marine  
  28  3:31  SCV  
  28  3:34  Orbital Command  
  30  3:36  Factory  
  30  3:39  SCV  
  31  3:44  SCV  
  31  3:47  Marine  
  33  3:48  Barracks Tech Lab  
  33  3:53  Supply Depot  
  33  3:54  SCV  
  34  4:00  SCV x2  
  36  4:06  Marine  
  36  4:07  Marine  
  36  4:08  Marine  
  39  4:10  SCV  
  39  4:16  SCV x2  
  42  4:20  Factory Reactor  
  42  4:25  Starport  
  42  4:27  SCV  
  42  4:28  SCV, Marine x3  
  47  4:34  Engineering Bay  
  47  4:35  SCV  
  48  4:38  Stimpack  
  48  4:42  SCV x2  
  50  4:47  Marine x2  
  50  4:48  Marine  
  53  4:53  SCV  
  53  4:57  SCV x2  
  56  5:06  Factory Tech Lab  
  56  5:07  Medivac x2, Supply Depot  
  56  5:12  Barracks  
  56  5:13  SCV x2  
  63  5:14  Barracks, SCV  
  63  5:15  Barracks  
  63  5:18  Terran Infantry Armor Level 1  
  63  5:19  Marine x2  
  65  5:23  Marine  
  66  5:34  Supply Depot  
  66  5:38  Engineering Bay  
  66  5:48  Siege Tank  
  69  5:54  Refinery  
  69  5:56  Refinery  
  69  6:10  Orbital Command  
  69  6:13  Command Center  
  53  6:58  Marine x2  
  53  6:59  Marine x4  
  53  7:00  SCV x2  
  53  7:01  SCV  
  59  7:02  Siege Tank  
  62  7:09  Combat Shield  
  62  7:12  SCV x2  
  62  7:13  SCV  
  65  7:16  Marine  
  65  7:18  Terran Infantry Weapons Level 1  
  65  7:20  Armory, Command Center  
  66  7:24  Factory, SCV  
  67  7:30  Factory  
  67  7:34  Sensor Tower  
  68  7:37  SCV x3  
  70  7:46  Sensor Tower  
  70  7:49  SCV x3  
  73  7:53  Medivac x2  
  77  8:09  Refinery x2  
  77  8:14  Factory Tech Lab x2  
  77  8:16  Barracks Reactor x2, Barracks Tech Lab x2  
  77  8:20  SCV  
  77  8:21  SCV x2  
  77  8:25  Supply Depot x2  
  77  8:26  Supply Depot  
  80  8:27  Supply Depot, Barracks Tech Lab  
  80  8:28  Supply Depot  
  80  8:32  SCV  
  81  8:35  SCV x2  
  81  8:36  Orbital Command  
  81  8:39  Refinery  
  83  8:41  Refinery  
  83  8:45  Siege Tank  
  86  9:05  Marine x6  
  86  9:06  Marine x2  
  86  9:07  Siege Tank, SCV x2  
  86  9:08  Siege Tank  
  102  9:40  SCV x4  
  106  9:52  SCV  
  107  9:55  Marine  
  107  9:56  Marine x4  
  111  10:11  Marine x3  
  111  10:13  Marine  
  115  10:20  Marine x2  
  115  10:21  Marine x2  
  118  10:25  SCV x2  
  118  10:26  SCV x2  
  123  10:28  Viking x2, Marine  
  123  10:29  Marine x2  
  130  10:37  SCV x2  
  132  10:59  Marine x2  
  131  11:17  SCV x2  
  131  11:18  SCV x2  
  135  11:21  Engineering Bay  
  135  11:24  Engineering Bay  
  135  11:29  SCV  
  135  11:31  Marine  
  135  11:32  Marine x3  
  140  11:47  Supply Depot  
  140  11:48  Supply Depot  
  140  11:49  Supply Depot  
  140  11:51  Supply Depot  
  140  11:52  Supply Depot x2  
  140  11:53  Supply Depot x3  
  140  11:55  Terran Infantry Weapons Level 2, Terran Infantry Armor Level 2  
  140  12:06  Starport  
  140  12:07  Starport  
  140  12:09  Starport, Siege Tank x2, Marine x6  
  140  12:10  Viking x2  
  140  12:11  Siege Tank  
  159  12:17  Marauder  
  159  12:18  Marine  
  162  12:27  Marauder, Marine  
  162  12:28  Marauder x2  
  169  12:32  SCV x2  
  169  12:33  SCV x2  
  169  12:34  Terran Ship Weapons Level 1  
  173  12:44  SCV  
  173  12:50  Starport Reactor x2  
  173  12:51  Starport Reactor  
  174  13:25  Viking x3  
  174  13:26  Viking x3  
  186  13:27  Viking x2  
  146  13:46  Siege Tank x3  
  146  13:47  Marauder, Marine  
  146  13:48  Marauder x2, Marine x3  
  152  13:58  Viking x3  
  152  13:59  Viking x4  
  152  14:00  Viking, Marine  
  169  14:05  Marine x2  
  169  14:06  Marine x2  
  169  14:08  Marine x2  
  175  14:15  Marine  
  176  14:18  Siege Tank x2, Marine  
  176  14:23  Marine x3  
  176  14:24  Marine  
  185  14:28  Medivac x3  
  191  14:36  Viking  
  191  14:37  Viking x2  
  190  14:53  Siege Tank  
  190  14:54  Siege Tank x2  
  190  14:59  Marine x4  
  197  15:00  Marine x2  
  187  16:01  Marine x2  
  187  16:02  Medivac, Marine x3  
  187  16:03  Medivac x3  
  180  16:45  Viking  
  180  16:46  Viking x5, Marine  
  180  16:47  Marine x5  
  193  16:49  Terran Infantry Armor Level 3, Terran Infantry Weapons Level 3  
  192  17:57  Siege Tank x2  
  148  19:20  Marine  
  148  19:21  Marine x6  
  148  19:22  Marine  
  145  19:36  Liberator  
  145  19:37  Liberator x6  
  161  19:38  Marine x2  
  161  19:39  Marine x6  
  169  19:51  Command Center  
  169  19:52  Siege Tank x3  
  178  19:56  Marine x3  
  178  19:57  Marine x5  
  186  20:13  Fusion Core  
  186  20:14  Marine x2  
  186  20:17  Refinery x2  
  186  20:19  Terran Ship Weapons Level 2  
  121  21:29  Marine x2  
  121  21:30  Marine x4  
  121  21:32  Viking x7  
  137  21:36  SCV  
  137  21:37  SCV x2  
  142  21:49  SCV, Command Center  
  136  22:15  Viking x4  
  124  22:16  Viking x2  
  128  22:30  Viking x2  
  125  22:45  Viking x3  
  94  22:55  Orbital Command  
  94  22:57  Marine x2  
  94  22:58  Marine x6  
  90  23:05  Orbital Command  
  94  23:08  Refinery x2  
  94  23:15  Marine x2  
  94  23:16  Refinery, Marine x6  
  68  23:35  Siege Tank x2  
  68  23:36  Marine x2  
  68  23:37  Marine x6  
  76  23:54  Orbital Command, Marine x3  
  76  23:55  Marine x5  
  82  24:12  Viking x3, Marine x4  
  82  24:13  Marine x4  
  93  24:30  Marine x2  
  78  24:41  Viking  
  78  24:42  Viking x2, Marine x4  
  78  24:43  Marine x2  
  94  24:48  Marine x2  
  89  25:00  Marine x3  
Show
View Real Time Build Order
Export as new Build Order

Pandemic Terran - Winner!

Build Orders: Reaper Expand 

Get SALT Encoding   

  12  0:00  SCV  
  13  0:12  SCV  
  14  0:17  Supply Depot  
  14  0:24  SCV  
  15  0:38  SCV  
  15  0:41  Barracks  
  16  0:45  Refinery  
  16  0:50  SCV  
  17  1:03  SCV  
  18  1:15  SCV  
  19  1:28  Orbital Command  
  19  1:29  Reaper  
  20  1:43  Command Center  
  20  1:53  Supply Depot  
  20  1:55  SCV  
  21  2:07  SCV  
  22  2:10  Barracks Reactor  
  22  2:26  Factory  
  22  2:27  SCV  
  23  2:34  Refinery  
  23  2:39  SCV  
  23  2:49  Marine x2  
  25  2:51  SCV  
  26  3:03  SCV  
  27  3:07  Orbital Command  
  27  3:14  Factory Tech Lab  
  27  3:15  SCV  
  27  3:16  Starport  
  27  3:19  Marine x2  
  30  3:27  SCV  
  30  3:30  Barracks  
  30  3:33  Barracks, SCV  
  32  3:40  SCV  
  33  3:45  SCV  
  34  3:49  Marine x2  
  34  3:52  Siege Tank, SCV  
  34  3:55  Starport Tech Lab  
  40  3:57  SCV  
  41  4:04  SCV  
  41  4:09  SCV, Engineering Bay  
  43  4:16  SCV  
  44  4:20  Barracks Reactor  
  44  4:21  SCV  
  44  4:23  Barracks Reactor  
  45  4:28  SCV  
  45  4:31  Supply Depot  
  46  4:32  Supply Depot  
  46  4:33  Supply Depot  
  46  4:41  Siege Tank, SCV  
  46  4:43  SCV  
  51  4:49  Refinery, Raven  
  53  4:53  SCV  
  53  4:55  SCV  
  53  4:56  Supply Depot  
  55  5:01  Supply Depot  
  55  5:07  Terran Infantry Weapons Level 1  
  55  5:09  Marine x2  
  55  5:10  Marine x4  
  55  5:13  SCV  
  62  5:16  SCV  
  63  5:27  Supply Depot, Marine x4  
  67  5:40  Siege Tank  
  67  5:42  SCV  
  71  5:45  Marine x2  
  71  5:46  Viking x2  
  71  5:47  Refinery  
  71  5:48  Marine x3  
  71  5:49  Supply Depot  
  80  5:53  SCV  
  80  5:54  SCV  
  82  6:05  SCV  
  82  6:06  SCV  
  84  6:12  Supply Depot, Marine x2, Command Center  
  84  6:16  Viking, Marine x3  
  84  6:18  SCV  
  92  6:19  Combat Shield  
  92  6:25  SCV  
  92  6:30  SCV  
  93  6:37  SCV, Armory  
  82  6:58  SCV  
  82  6:59  SCV  
  83  7:03  Viking x2  
  83  7:04  Siege Tank, Marine x3  
  83  7:05  Marine x2  
  95  7:10  SCV  
  95  7:11  SCV  
  97  7:18  Sensor Tower  
  97  7:22  Marine x2, SCV  
  99  7:24  Missile Turret  
  99  7:26  Missile Turret  
  99  7:29  Sensor Tower, SCV  
  101  7:32  Viking, Marine  
  101  7:33  Marine x2  
  101  7:34  SCV  
  107  7:38  Stimpack  
  107  7:40  Marine x2  
  107  7:41  Terran Vehicle And Ship Armor Level 1, SCV  
  107  7:44  Orbital Command  
  110  7:46  SCV  
  110  7:50  Marine x2  
  113  7:51  Marine  
  113  7:53  SCV  
  113  7:57  Siege Tank  
  113  7:58  SCV, Marine x2  
  120  7:59  Refinery  
  120  8:01  Medivac  
  124  8:05  SCV  
  124  8:08  Marine  
  124  8:10  SCV  
  124  8:12  SCV  
  127  8:17  SCV  
  128  8:22  SCV  
  128  8:24  Refinery, SCV  
  130  8:29  Siege Tank  
  130  8:31  Sensor Tower  
  133  9:06  Factory  
  133  9:09  Armory  
  133  9:10  Starport  
  133  9:13  Supply Depot, Command Center  
  133  9:16  SCV, Viking, Marine x2, Siege Tank  
  141  9:18  Supply Depot  
  141  9:34  SCV x3, Marine x5  
  141  9:36  Supply Depot  
  149  9:46  SCV  
  149  9:47  Viking x2, SCV x2  
  149  9:50  Supply Depot  
  149  9:52  Starport Tech Lab, Marine  
  157  9:57  Siege Tank, Marine x4  
  157  9:59  SCV  
  165  10:00  Supply Depot  
  165  10:05  SCV x2  
  165  10:11  Marine  
  165  10:12  SCV  
  167  10:15  Marine x4  
  167  10:17  Medivac  
  167  10:18  Terran Vehicle Weapons Level 1, SCV x2  
  167  10:19  Terran Vehicle And Ship Armor Level 2  
  171  10:25  Supply Depot  
  171  10:29  Factory Tech Lab, Siege Tank, Marine  
  171  10:31  Viking x2  
  179  10:45  Marine x2  
  179  10:46  Marine x2  
  179  10:47  Viking, Marine, Supply Depot  
  183  11:01  Viking x2, Siege Tank  
  183  11:02  Siege Tank  
  183  11:03  Marine x4  
  197  11:05  Marine  
  197  11:08  Barracks  
  197  11:10  Barracks  
  196  11:12  Supply Depot  
  196  11:14  Barracks  
  191  11:21  Marine x4  
  191  11:23  Marine  
  196  11:26  Barracks  
  199  11:33  Siege Tank  
  199  11:39  Marine  
  200  11:42  Terran Infantry Weapons Level 2, Missile Turret  
  200  11:44  Sensor Tower, Smart Servos  
  200  11:49  Refinery  
  200  11:52  Planetary Fortress  
  200  11:55  Refinery  
  200  12:24  Barracks Reactor  
  200  12:25  Barracks Reactor x2  
  200  12:30  Terran Vehicle Weapons Level 2  
  200  12:58  Command Center  
  200  13:00  Command Center  
  190  13:30  Siege Tank x2  
  189  13:44  Medivac  
  189  13:45  Medivac x2  
  186  14:02  Siege Tank x2  
  192  14:12  Orbital Command  
  192  14:13  Planetary Fortress  
  192  14:14  Medivac  
  192  14:15  Medivac  
  196  14:20  Medivac  
  196  14:22  Refinery  
  183  14:25  Command Center  
  183  14:26  Refinery  
  183  14:28  Command Center  
  178  14:34  Siege Tank  
  175  14:44  Medivac, Viking  
  173  14:50  Viking  
  169  14:58  Marine x11  
  180  15:14  Viking x2  
  180  15:16  Marine x11  
  180  15:20  Viking  
  195  15:31  Terran Vehicle Weapons Level 3  
  195  15:32  Terran Vehicle And Ship Armor Level 3, Starport x2  
  195  15:33  Marine  
  195  15:34  Terran Infantry Weapons Level 3, Marine x4  
  198  15:44  Orbital Command, Viking  
  198  15:57  SCV  
  196  16:08  Viking x2  
  200  16:15  Medivac  
  198  16:38  Viking x2  
  200  16:45  Viking  
  200  16:46  Starport Reactor x2  
  200  16:58  Starport  
  200  16:59  Starport  
  196  17:36  Command Center  
  196  17:37  Command Center  
  196  17:39  Refinery  
  196  17:40  Refinery  
  192  17:51  SCV  
  187  18:05  Siege Tank x2  
  191  18:09  Terran Ship Weapons Level 1  
  191  18:11  Terran Infantry Armor Level 1  
  179  18:23  Viking x4  
  179  18:24  Starport Reactor x2, Viking x2  
  183  18:37  Siege Tank x2  
  184  18:45  Marine x2  
  184  18:46  Marine x9  
  162  19:03  Marine x8  
  162  19:04  Marine x3  
  162  19:09  Siege Tank x2  
  166  19:19  Orbital Command  
  166  19:21  Marine x11  
  166  19:27  Viking x3  
  166  19:28  Viking x8  
  182  19:39  Marine x2  
  182  19:40  Marine x5  
  182  19:41  Marine x4  
  196  19:56  Marine  
  196  19:57  Viking x2, Marine  
  199  20:06  Marine  
  200  20:19  Refinery, Planetary Fortress  
  200  20:20  Refinery  
  200  20:26  Sensor Tower  
  200  20:41  Marine  
  200  20:42  Marine x8  
  200  20:47  Viking  
  200  20:48  Viking  
  169  21:21  Viking x11  
  169  21:22  Siege Tank  
  169  21:23  Siege Tank, Marine x6  
  169  21:24  Marine x5  
  144  21:38  SCV  
  145  21:41  Marine x10  
  145  21:42  Marine  
  156  21:51  Viking x11  
  177  21:54  Siege Tank  
  177  21:55  Siege Tank  
  177  21:59  Marine x2  
  184  22:21  Viking x9  
  177  22:26  Siege Tank  
  177  22:27  Siege Tank  
  167  22:30  Marine x2  
  167  22:31  Marine x9  
  163  22:48  Marine x8  
  163  22:49  Marine x3  
  161  22:59  Siege Tank x2  
  167  23:06  Marine x11  
  178  23:16  Command Center  
  178  23:18  Command Center  
  178  23:21  Viking x2  
  178  23:22  Viking x5  
  178  23:24  Marine x4  
  186  23:29  Marine x7  
  186  23:31  Siege Tank x2  
  177  23:42  Marine x4  
  177  23:47  Marine x6  
  177  23:54  Viking x7  
  191  23:57  Medivac x3  
  191  23:58  Medivac  
  196  24:44  Siege Tank  
  195  25:01  Viking  
  195  25:02  Viking  
Tags
 
Composition
Mech
Matchup
TvT
Race
Terran
Replay Pack
Oct2021
Add a new tag
Caveats
  • Supply blocks, unpowered buildings, or Contaminate may cause inaccurate times.
  • Supply counts are checked every 10 seconds.